 Dungeon Crawl Stone Soup version 0.29.1-2-gbd0b4ee654 (webtiles) character file.

Game seed: 2410582992629750102

254 zeram the Caller (level 5, -1/46 HPs)
             Began as a Troll Summoner on Nov 23, 2022.
             Slain by a gnoll
             ... wielding a +2 spear of venom
              (4 damage)
             ... on level 3 of the Dungeon.
             The game lasted 00:05:02 (2067 turns).

zeram the Caller (Troll Summoner)                   Turns: 2067, Time: 00:05:03

Health: -1/46      AC:  5    Str: 16    XL:     5   Next: 91%
Magic:  6/6        EV: 10    Int: 13    God:
Gold:   119        SH:  0    Dex: 10    Spells: 3/6 levels left

rFire   . . .      SeeInvis .   d - +0 mace
rCold   . . .      Faith    .   (no shield)
rNeg    . . .      Spirit   .   a - +1 robe
rPois   .          Reflect  .   (helmet restricted)
rElec   .          Harm     .   (no cloak)
rCorr   .          Rampage  .   (gloves unavailable)
Will    .....                   (boots unavailable)
Stlth   +.........              e - amulet of regeneration
HPRegen 1.75/turn               (no ring)
MPRegen 0.10/turn               (no ring)

@: lethally poisoned (-1 -> -6)
A: large, unfitting armour, claws 3, regeneration 1, shaggy fur 1, tough skin 1
a: no special abilities


You were on level 3 of the Dungeon.
You visited 1 branch of the dungeon, and saw 3 of its levels.

You collected 119 gold pieces.

Inventory:

Hand Weapons
 d - a +0 mace (weapon)
Armour
 a - a +1 robe (worn)
Jewellery
 c - a ring of ice
 e - an amulet of regeneration (around neck)
 l - a ring of ice
Wands
 m - a wand of flame (13)
Potions
 b - a potion of magic
 f - a potion of berserk rage {unknown}
 g - a potion of mutation {unknown}
 i - 5 potions of curing {unknown}
 j - a potion of haste {unknown}
 k - a potion of ambrosia {unknown}
 n - a potion of degeneration {unknown}
 o - a potion of might


   Skills:
 - Level 0.9 Fighting
 + Level 1.0 Maces & Flails
 + Level 3.0 Dodging
 - Level 1.2 Stealth
 - Level 2.9 Unarmed Combat
 - Level 1.4 Spellcasting
 * Level 3.5 Summonings


You had 3 spell levels left.
You knew the following spells:

 Your Spells              Type           Power      Damage    Failure   Level
a - Summon Small Mammal   Summ           40%        N/A       6%          1
b - Call Imp              Summ           10%        N/A       10%         2

Your spell library contained the following spells:

 Spells                   Type           Power      Damage    Failure   Level
 Call Canine Familiar     Summ           10%        N/A       19%         3
 Beastly Appendage        Tmut           0%         N/A       26%         1
 Summon Guardian Golem    Hex/Summ       5%         N/A       36%         3
 Wereblood                Tmut           0%         N/A       38%         2
 Spider Form              Tmut/Pois      0%         N/A       63%         3
 Summon Lightning Spire   Summ/Air       5%         N/A       78%         4


Dungeon Overview and Level Annotations

Branches:
Dungeon (3/15)

Altars:
Trog

Shops:
D:2 (

Annotations:
D:3 Ijyb


Innate Abilities, Weirdness & Mutations

You are too large for most types of armour.
You have claws for hands.
Your natural rate of healing is unusually fast.
You are covered in fur. (AC +1)
You have tough skin. (AC +1)


Message History

The adder is almost dead.
The adder barely misses you.
You barely miss the adder.
The adder is almost dead.
The adder bites you but does no damage. The adder closely misses you.
You barely miss the adder.
The adder is almost dead.
The adder bites you.
The gnoll hits you from afar with a +2 spear of venom.
You are poisoned.
The gnoll closely misses you. The adder barely misses you.
The gnoll closely misses you.
The gnoll hits you from afar with a +2 spear of venom.
You are more poisoned.
You hit the adder.
You kill the adder!
You feel extremely sick. The gnoll hits you but does no damage.
You are more poisoned.
The gnoll closely misses you.
You barely miss the gnoll.
You feel extremely sick.
The gnoll hits you from afar with a +2 spear of venom!
You are more poisoned.
The gnoll hits you but does no damage. The gnoll hits you with a +0 whip.
You closely miss the gnoll.
* * * LOW HITPOINT WARNING * * *
You feel extremely sick. The gnoll closely misses you.
The gnoll hits you from afar with a +0 spear.
* * * LOW HITPOINT WARNING * * *
The gnoll barely misses you. The gnoll completely misses you.
The gnoll closely misses you. The gnoll barely misses you.
The air fills with toxic fumes!
As you read the scroll labelled VUERRA HIL, it crumbles to dust.
It was a scroll of poison.
* * * LOW HITPOINT WARNING * * *
You feel very sick.
The gnoll hits you from afar with a +2 spear of venom.
You die... #.....# ##.......## #####...####§§§§§§§§§# ...........+§§§§§§§§§+ #####...####§§§§§§§§§# ##..# #§§§§§§§# ##.# #§§§§§# #.# #ggg#

#####.## ##g## #......#
#@# #.###.########§###
#.# ####.....§§§.#
###.######.####§§§§####
#.......##.###§§§§§§...
#.#.###.##.##§§§§§§####
#.#.###.##.##§##§#§#
#...........§§.§§§§#
####################


You could see 4 gnolls.

Vanquished Creatures
  Sigmund (D:2)
  Robin (D:2)
  An adder (D:3)
  7 ball pythons
  An endoplasm (D:2)
  A giant cockroach (D:2)
  4 goblins (D:2)
  14 hobgoblins
  7 jackals (D:2)
  4 kobolds
  3 quokkas
  7 bats
  4 frilled lizards
  5 rats
60 creatures vanquished.

Notes
Turn   | Place    | Note
-------+----------+-------------------------------------------
     0 | D:1      | zeram the Troll Summoner began the quest for the Orb.
     0 | D:1      | Reached XP level 1. HP: 16/16 MP: 1/1
    75 | D:1      | Reached XP level 2. HP: 24/24 MP: 3/3
   179 | D:1      | Found a faded altar of an unknown god.
   711 | D:2      | Reached XP level 3. HP: 31/31 MP: 4/4
   738 | D:2      | Noticed Sigmund
   747 | D:2      | Killed Sigmund
   748 | D:2      | Reached XP level 4. HP: 30/40 MP: 5/5
   748 | D:2      | Reached XP level 5. HP: 34/46 MP: 6/6
   854 | D:2      | Found Elacle Nupn's Weapon Boutique.
  1082 | D:2      | Found a bloodstained altar of Trog.
  1130 | D:2      | Noticed Robin
  1172 | D:2      | Killed Robin
  1187 | D:2      | Learned a level 2 spell: Call Imp
  1231 | D:2      | Reached skill level 1 in Maces & Flails
  1926 | D:3      | Noticed Ijyb
  2067 | D:3      | Slain by a gnoll

Illustrated notes

Levels and vault maps discovered:
D:1:      erik_arrival_cave_to_civilisation [erik_arrival_cave_to_hall],
          layout_basic, dreamdust_ecumenical_altar_angels_and_demons
D:2:      layout_loops_ring, basic_altar, serial_shops,
          nicolae_shop_behind_doors, serial_aquarium,
          aquarium_bridge_island_small [aquarium_subvault_small_water,
          aquarium_subvault_bridge, aquarium_subvault_bridge,
          aquarium_subvault_wall, aquarium_subvault_wall],
          aquarium_bridge_straight [aquarium_subvault_bridge,
          aquarium_subvault_window, aquarium_subvault_bridge,
          aquarium_subvault_wall], aquarium_window_2, aquarium_window_corner,
          aquarium_window_corner, aquarium_window_double, aquarium_view_2d,
          minmay_misc_feat_diagonals, skrybe_limestone_x, uniq_sigmund,
          uniq_robin
D:3:      layout_loops_corners, uniq_ijyb

Skill      XL: |  1  2  3  4  5 |
---------------+----------------+-----
Summonings     | 3 |  3.5
Dodging        | 2 3 |  3.0
Unarmed Combat | 2 |  2.9
Maces & Flails | 1 |  1.0
Fighting       | |  0.9
Stealth        | |  1.2
Spellcasting   | |  1.4

Action                   |  1- 3 |  4- 6 || total
-------------------------+-------+-------++-------
Melee: Unarmed           |   116 |       ||   116
       Punch             |     1 |     2 ||     3
       Mace              |       |   132 ||   132
  Use: Scroll            |     3 |     2 ||     5
       Potion            |     1 |       ||     1
 Stab: Sleeping          |     1 |       ||     1
Armor: Robe              |    64 |    85 ||   149
Dodge: Dodged            |    66 |   146 ||   212
